 Dungeon Crawl Stone Soup version 0.28-a0-1616-g050a50673c (console) character file.

Game seed: 3469744960178068094

52 Cab the Chopper (level 3, -1/29 HPs)
             Began as a Demonspawn Fighter on Jan 22, 2022.
             Killed from afar by Ijyb (30 damage)
             ... with a bolt of acid
             ... on level 3 of the Dungeon.
             The game lasted 00:02:41 (1432 turns).

Cab the Chopper (Demonspawn Fighter)                Turns: 1432, Time: 00:02:42

Health: -1/29      AC:  8    Str: 18    XL:     3   Next: 60%
Magic:  3/3        EV:  9    Int:  9    God:
Gold:   66         SH:  4    Dex: 12    Spells: 2/2 levels left

rFire   . . .      SeeInvis .   a - +0 war axe
rCold   . . .      Faith    .   c - +0 buckler
rNeg    . . .      Spirit   .   b - +0 scale mail
rPois   .          Reflect  .   f - +0 helmet
rElec   .          Harm     .   (no cloak)
rCorr   .          Rampage  .   p - +0 pair of gloves
Will    .....                   (no boots)
Stlth   ..........              (no amulet)
HPRegen 0.09/turn               (no ring)
MPRegen 0.08/turn               (no ring)

@: no status effects
A: spiny 1, weakness stinger 1
a: no special abilities


You were on level 3 of the Dungeon.
You visited 1 branch of the dungeon, and saw 3 of its levels.

You collected 66 gold pieces.

Inventory:

Hand Weapons
 a - a +0 war axe (weapon)
Armour
 b - a +0 scale mail (worn)
 c - a +0 buckler (worn)
 f - a +0 helmet (worn)
 p - a +0 pair of gloves (worn)
Scrolls
 e - 3 scrolls of identify {unknown}
 h - a scroll of amnesia {unknown}
 i - a scroll of summoning {unknown}
 j - a scroll of fog {unknown}
 n - a scroll of brand weapon {unknown}
Potions
 d - a potion of might
 g - 2 potions of magic {unknown}
 k - a potion of degeneration {unknown}
 l - a potion of mutation {unknown}
 m - a potion of berserk rage {unknown}
 o - a potion of heal wounds {unknown}


   Skills:
 - Level 3.0 Fighting
 + Level 3.6 Axes
 - Level 2.6 Armour
 - Level 2.6 Shields


You had 2 spell levels left.
You didn't know any spells.
Your spell library contained the following spells:

 Spells                   Type           Power      Damage    Failure   Level
 Dazzling Flash           Conj/Hex       0%         N/A       99%         3
 Summon Guardian Golem    Hex/Summ       0%         N/A       99%         3
 Agony                    Necr           0%         N/A       100%        5
 Silence                  Hex/Air        0%         N/A       100%        5
 Orb of Destruction       Conj           0%         9d5       100%        7
 Spellforged Servitor     Conj/Summ      0%         N/A       100%        7


Dungeon Overview and Level Annotations

Branches:
Dungeon (3/15)

Altars:

Annotations:
D:3 Ijyb


Innate Abilities, Weirdness & Mutations

You are partially covered in sharp spines.
You have a small tail.


Message History

You kill the hobgoblin!
No target in view!
No target in view!
No target in view!
No target in view!
No target in view!
No target in view!
No target in view!
No target in view!
No target in view!
No target in view!
No target in view!
No target in view!
No target in view!
Found an escape hatch in the ceiling.
There is an escape hatch in the ceiling here.
g - 2 fuming inky potions (gained 1)
Found a stone staircase leading down.
There is a stone staircase leading down here.
o - a blue potion
Found a pair of gloves.
You see here a +0 pair of gloves.
p - a +0 pair of gloves You start putting on your armour.
You continue putting on your +0 pair of gloves. x4
You finish putting on your +0 pair of gloves.
Done exploring.
(D) Dungeon
Where to? (Enter - D:2, ? - help)
There is a stone staircase leading down here.
You climb downwards.
Ijyb shouts!
There is a stone staircase leading up here.
There are monsters nearby!
Unknown command.
You hit Ijyb.
Your tail-slap misses Ijyb.
Ijyb is lightly wounded.
Ijyb zaps a wand.
The bolt of acid hits you!!
Ouch! That really hurt!
You die...

▒ ∙▒▒▒▒∙▒▒▒▒
∙∙∙∙∙∙∙@∙▒
▒▒∙∙∙∙g∙∙∙∙∙▒
▒∙∙∙∙∙∙∙∙▒∙▒
∙∙∙∙∙∙▒∙∙∙∙∙∙∙
∙▒∙▒▒∙∙∙∙∙▒∙▒
∙ ▒ ∙∙∙∙∙∙▒∙▒
∙∙ ∙w∙∙▒ ▒


∙∙∙∙∙∙∙∙∙ You could see Ijyb and a worm.

Vanquished Creatures
  An adder (D:2)
  2 dart slugs (D:1)
  A bat (D:2)
  5 endoplasms
  4 giant cockroaches
  2 goblins
  4 hobgoblins
  2 jackals (D:1)
  3 quokkas
  4 ball pythons (D:1)
  2 frilled lizards (D:2)
  2 kobolds (D:1)
  5 rats
37 creatures vanquished.

Notes
Turn   | Place    | Note
-------+----------+-------------------------------------------
     0 | D:1      | Cab the Demonspawn Fighter began the quest for the Orb.
     0 | D:1      | Reached XP level 1. HP: 18/18 MP: 1/1
   116 | D:1      | Gained mutation: You are partially covered in sharp spines.
                  | [demonic ancestry]
   116 | D:1      | Reached XP level 2. HP: 19/24 MP: 2/2
   503 | D:1      | Gained mutation: You have a small tail. [demonic ancestry]
   503 | D:1      | Reached XP level 3. HP: 27/29 MP: 3/3
  1431 | D:3      | Noticed Ijyb
  1432 | D:3      | Killed from afar by Ijyb

Illustrated notes

Levels and vault maps discovered:
D:1:      denvon_arrival_planthouse, layout_rooms
D:2:      layout_loops_ring
D:3:      layout_loops_cross, ebering_ecumenical_altar_petrified,
          uniq_crazy_yiuf_cottage, uniq_ijyb

Skill      XL: |  1  2 |
---------------+-------+-----
Axes           | 2 3 |  3.6
Fighting       | |  3.0
Armour         | |  2.6
Shields        | |  2.6

Action                   || total
-------------------------++-------
Melee: War axe           ||    59
       Tailslap          ||     2
Armor: Scale mail        ||    22
Dodge: Dodged            ||    21
Block: Buckler           ||     7

Table legend: (Time is in decaauts)
 A = Elapsed time spent in this place.
 B = Non-inter-level travel time spent in this place.
 C = Inter-level travel time spent in this place.
 D = Time resting spent in this place.
 E = Time spent auto-exploring this place.
 F = Levels seen in this place.
 G = Mean time per level.
                   A        B        C        D        E       F      G
               +--------+--------+--------+--------+--------+-----+--------+
         Total |   1454 |   1408 |     46 |      0 |   1141 |   3 |  484.7 |
       Dungeon |   1454 |   1408 |     46 |      0 |   1141 |   3 |  484.7 |
               +--------+--------+--------+--------+--------+-----+--------+

Top non-repeatable levels by time:
     D:1: 877 daAuts
     D:2: 576 daAuts
     D:3: 0 daAuts
